 Dungeon Crawl Stone Soup version 0.31-a0-115-g4708a659fe (webtiles) character file.

Game seed: 5855201025801902480

211390 Kenran the Spry (level 17, 0/152 HPs)
             Began as a Demigod Fighter on May 29, 2023.
             Killed by the raging water
             ... invoked by a water nymph
              (17 damage)
             ... on level 2 of the Shoals.
             The game lasted 01:08:39 (34848 turns).

Kenran the Spry (Demigod Fighter)                  Turns: 34848, Time: 01:08:39

Health: 0/152      AC: 28    Str: 21    XL:     17   Next: 58%
Magic:  20/20      EV: 27    Int: 13    God:
Gold:   1028       SH: 16    Dex: 35    Spells: 16/16 levels left

rFire   + . .        a - +9 double sword (flame)
rCold   + + +        w - +2 buckler
rNeg    . . .        M - +9 chain mail of the End {Will+ Int+3}
rPois   .            h - +0 helmet
rElec   +            n - +2 cloak {Will+}
rCorr   .            Y - +0 pair of gloves of Kageic {*Corrode rElec rC+++ SInv}
SInv    +            L - +2 pair of boots {Stlth+}
Will    ++++.        j - amulet of reflection Stlth
                     I - +6 ring of dexterity
HPRegen 0.45/turn    V - ring "Lyef" {Wiz rElec rF+ Will+ Stlth-}
MPRegen 0.17/turn

%: corrode self (3%), reflection, wizardry (x1)
@: corroded, very slow
A: high MP 1, forlorn, divine attributes
}: 1/15 runes: serpentine
a: no special abilities


You were on level 2 of the Shoals.
You visited 5 branches of the dungeon, and saw 28 of its levels.
You also visited: Sewer, Gauntlet, Ice Cave and Volcano.

You collected 3512 gold pieces.
You spent 2484 gold pieces at shops.

Inventory:

Hand Weapons
 a - a +9 double sword of flaming (weapon)
Armour
 h - a +0 helmet (worn)
 n - a +2 cloak of willpower (worn)
 u - a +1 tower shield of protection
 w - a +2 buckler (worn)
 L - a +2 pair of boots of stealth (worn)
 M - the +9 chain mail of the End (worn) {Will+ Int+3}
   (You found it on level 9 of the Dungeon)

   Int:       It affects your intelligence (+3).
   Will:      It increases your willpower.
 Y - the +0 pair of gloves of Kageic (worn) {*Corrode rElec rC+++ SInv}
   (You found it in an ice cave)

   rC:        It renders you almost immune to cold.
   rElec:     It insulates you from electricity.
   SInv:      It lets you see invisible.
   *Corrode:  It may corrode you when you take damage.
Jewellery
 c - a ring of resist corrosion
 j - an amulet of reflection (around neck)
 x - a ring of poison resistance
 B - a ring of protection from cold
 I - a +6 ring of dexterity (left hand)
 V - the ring "Lyef" (right hand) {Wiz rElec rF+ Will+ Stlth-}
   (You found it in a Gauntlet)

   [ring of wizardry]

   It improves your spell success rate.
   rF:        It protects you from fire.
   rElec:     It insulates you from electricity.
   Will:      It increases your willpower.
   Stlth:     It makes you less stealthy.
 Z - the ring "Vutovo" {Ice rN++ Slay+3}
   (You found it in an ice cave)

   [ring of ice]

   It enhances your ice magic.
   Slay:      It affects your accuracy & damage with ranged weapons and melee
   (+3).
   rF:        It makes you vulnerable to fire.
   rC:        It protects you from cold.
   rN:        It greatly protects you from negative energy.
Wands
 f - a wand of mindburst (6)
 l - a wand of quicksilver (17)
 y - a wand of charming (21)
 A - a wand of flame (50)
 C - a wand of digging (5)
 F - a wand of iceblast (28)
 O - a wand of polymorph (5)
Scrolls
 b - 2 scrolls of enchant weapon
 i - 2 scrolls of poison {!r}
 k - 5 scrolls of enchant armour
 o - 5 scrolls of immolation {!r}
 r - 4 scrolls of teleportation
 s - 5 scrolls of magic mapping
 D - 10 scrolls of blinking
 E - 3 scrolls of butterflies
 H - 3 scrolls of silence
 N - 2 scrolls of brand weapon
 P - a scroll of fog
 T - a scroll of fear
Potions
 d - 2 potions of berserk rage {!q}
 e - 5 potions of attraction {!q}
 g - 6 potions of curing {@q1}
 m - 5 potions of ambrosia
 p - 2 potions of invisibility
 q - 6 potions of enlightenment
 t - 6 potions of magic
 v - 5 potions of lignification {!q}
 z - 4 potions of mutation {!q}
 G - 4 potions of haste
 J - 2 potions of cancellation
 R - 3 potions of resistance
 S - 4 potions of heal wounds {@q2}
 X - 3 potions of might
Miscellaneous
 K - a phantom mirror
 Q - a phial of floods
 U - a lightning rod (4/4)


   Skills:
 + Level 14.2 Fighting
 - Level 16.0 Long Blades
 - Level 14.0 Armour
 - Level 18.0 Dodging
 - Level 8.0 Shields
 - Level 8.0 Evocations


You had 16 spell levels left.
You didn't know any spells.
Your spell library contained the following spells:

 Spells                   Type           Power      Damage    Failure   Level
 Sandblast                Erth           0%         2d4       50%         1
 Passwall                 Tmut/Erth      0%         N/A       65%         2
 Inner Flame              Hex/Fire       0%         N/A       86%         3
 Stone Arrow              Conj/Erth      0%         3d7       86%         3
 Flame Wave               Conj/Fire      0%         2d4       99%         4
 Sticky Flame             Conj/Fire      0%         2d3       99%         4


Dungeon Overview and Level Annotations

Branches:
Dungeon (15/15)            Temple (0/1) D:4            Lair (5/5) D:9
 Shoals (2/4) Lair:3        Snake (4/4) Lair:3        Slime (0/5) Lair:5
    Orc (2/2) D:10            Elf (0/3) Orc:2        Vaults (0/5) D:13
 Depths (0/4) D:15          Sewer (visited)           IceCv (visited)
Volcano (visited)         Gauntlet (visited)

Shops:
D:5 !   D:8 *   D:9 *?   D:11 (   Orc:2 ?[!:   Snake:1 *[**

Portals:
Hell: Lair:5

Annotations:
D:3 2 transporters, chipmonk's ghost, amateur MiFi
D:7 1 runed translucent door, PirateVox's ghost, novice DjAE


Innate Abilities, Weirdness & Mutations

You have an increased reservoir of magic. (+10% MP)
You shall have no god before yourself.
Your divine heritage dramatically boosts your attributes as you level up.


Message History

The water swirls and strikes you. You block the water nymph's attack.
The centaur warrior shoots an arrow.
The arrow hits you.
Your corrosive artefact corrodes you!
You block the merfolk's attack.
Your unstable footing causes you to fumble your attack.
The centaur warrior shoots an arrow.
The arrow hits you. The water nymph closely misses you.
The centaur warrior shoots an arrow.
You block the arrow with an invisible shield... and reflect it back!
The arrow hits the centaur warrior!
You kill the centaur warrior!
You hear a splash. x3
The merfolk throws a throwing net.
The throwing net hits you.
You become entangled in the net!
You see here a throwing net.
You struggle against the net.
The merfolk hits you but does no damage.
The water nymph closely misses you.
Splash!
You fall into the shallow water.
Moving in this stuff is going to be slow.
You struggle against the net.
The merfolk hits you but does no damage.
The water nymph casts a spell at you. The water swirls and strikes you!
You struggle against the net.
The water nymph casts a spell at you. The water swirls and strikes you.
The merfolk hits you but does no damage.
The water nymph gestures at you while chanting.
The water swirls and strikes you!!
* * * LOW HITPOINT WARNING * * *
You struggle against the net.
The merfolk hits you from afar with a +0 trident.
* * * LOW HITPOINT WARNING * * *
The water nymph touches you. The water nymph drowns you!
* * * LOW HITPOINT WARNING * * *
You rip the net and break free!
You block the merfolk's attack.
The water nymph gestures at you while chanting.
The water swirls and strikes you!
You die...

~~~..##....~≈≈≈~~~~~~.~~~~
~~~)......~~≈≈≈≈~~~~~~~~~~
≈~~~~....~~~≈≈≈≈≈≈~~~~~~≈≈
≈~~~~~~.~~~≈≈≈≈≈≈≈~~~~~≈≈~
~≈≈~~~~~~~≈≈≈≈≈≈≈≈~~~~~≈≈~
.~≈≈≈~~~~~≈≈≈~~~~~~~~~~≈~~
..~~~~~)~~~≈~..~~~~~~~~≈≈≈
~.....~mmm~~~....~~~~≈≈≈≈≈
~.....###@~.~~≈≈≈~~~≈≈≈≈≈≈
..~.# ##..~≈≈≈≈≈~~~≈≈≈≈≈
... ##..~≈≈≈...~~~≈≈≈ . ..
# ##...≈≈≈≈~...~~~~~
...#.##....≈≈≈≈≈.~.~~~~~
..........~≈≈≈≈.....~~~~
.........~~≈≈≈.#####.~~~
##....~~~~..~.##.# #..~~
.....~~~~~!~~....###..~~


You could see a merfolk and 2 water nymphs.

Vanquished Creatures
  Mara (Snake:3)
  Rupert (D:13)
  A tentacled monstrosity (D:12)
  Polyphemus (Shoals:2)
  Kirke (D:12)
  9 nagarajas
  A frost giant (IceCv)
  An emperor scorpion (D:15)
  Louise (Snake:1)
  2 orc warlords
  A very ugly thing (D:12)
  A red draconian (Volcano)
  A minotaur (Gauntlet)
  A dire elephant (D:15)
  A fire dragon (D:15)
  Josephine (Lair:4)
  2 merfolk impalers (Shoals:1)
  A great orb of eyes (D:15)
  Erolcha (D:10)
  15 hydras
  A salamander tyrant (Snake:3)
  An ogre mage (D:15)
  6 centaur warriors
  2 merfolk aquamancers
  4 catoblepae
  6 anacondas
  16 naga warriors
  13 death yaks
  8 two-headed ogres
  Erica (Lair:2)
  8 boulder beetles
  3 tengu warriors
  4 shock serpents
  12 naga sharpshooters
  A sun demon (Lair:5)
  2 skysharks
  A fire crab (Lair:3)
  Nergalle (Orc:1)
  4 salamander mystics
  A skeletal warrior (D:13)
  3 sea snakes (Shoals:1)
  2 naga ritualists
  5 orc knights
  A lindwurm (Lair:3)
  3 orc sorcerers (D:10)
  2 wizards
  3 deep elf pyromancers
  4 harpies (Shoals:2)
  16 ugly things
  10 manticores
  5 mana vipers
  A salamander (shapeshifter) (D:14)
  3 fauns (Shoals:1)
  5 cyclopes
  11 elephants
  13 salamanders
  2 demonic crawlers (D:12)
  2 water nymphs (Shoals:1)
  2 guardian serpents
  25 black mambas
  2 ice statues
  2 molten gargoyles (Volcano)
  17 naga magi
  2 orange demons (Lair:5)
  2 gargoyles
  18 cane toads
  10 rime drakes
  An unseen horror (D:13)
  17 komodo dragons
  2 kobold demonologists
  2 torpor snails
  Maggie (Lair:2)
  An efreet (D:15)
  Psyche (D:8)
  2 yaktaurs
  A tengu conjurer (D:15)
  A red devil (Lair:5)
  2 ice devils (Lair:5)
  6 meliai
  3 wind drakes
  8 trolls
  7 merfolk
  A hellwing (Lair:5)
  16 polar bears (IceCv)
  2 raiju (Gauntlet)
  A hornet (D:9)
  15 blink frogs
  8 dream sheep
  4 centaur simulacra
  8 slime creatures (D:12)
  2 shadows
  5 water elementals
  5 small abominations (D:12)
  7 wraiths
  6 wyverns
  5 fire bats (Volcano)
  97 yaks
  4 hogs (D:12)
  A chaos spawn (D:12)
  16 humans (D:13)
  A steam dragon (D:8)
  4 basilisks
  3 vampire mosquitoes (D:13)
  Edmund (D:4)
  2 wargs
  A large abomination (D:12)
  2 acid dragons
  51 nagas
  15 water moccasins
  2 two-headed ogre zombies (D:10)
  31 orc warriors
  7 hell hounds
  A meliai simulacrum (Gauntlet)
  2 black bears
  2 ice beasts
  33 wolves
  9 ogres
  17 centaurs
  6 kobold brigands
  3 phantoms
  16 bullfrogs
  2 gnoll sergeants
  7 scorpions
  A hornet simulacrum (D:9)
  3 wights
  A troll zombie (D:10)
  4 howler monkeys
  3 electric eels
  7 lava snakes (Volcano)
  A hound (D:4)
  A wyvern simulacrum (Gauntlet)
  8 orc priests
  4 gnoll boudas
  3 jellies
  4 iguanas
  A sleepcap (D:5)
  13 orc wizards
  6 hell rats (Lair:2)
  A lightning spire (Gauntlet)
  5 ogre zombies (D:10)
  7 adders
  28 gnolls
  A river rat (Sewer)
  A shadow imp (D:7)
  4 white imps
  An ufetubus (D:5)
  9 worms
  A dart slug (D:3)
  56 orcs
  7 ball pythons
  16 endoplasms
  5 giant cockroaches
  2 hobgoblins (D:3)
  24 kobolds
  2 quokkas
  5 bats
  6 frilled lizards
  4 goblins
  A goblin skeleton (D:10)
  A goblin zombie (D:10)
  2 hobgoblin skeletons (D:10)
  3 hobgoblin zombies (D:10)
  3 orc skeletons (D:10)
  15 orc zombies (D:10)
  11 rats
  A spectral kobold (D:7)
1068 creatures vanquished.

Vanquished Creatures (others)
  Urug (D:13)
  A naga (Snake:4)
  2 orc wizards
4 creatures vanquished.

Grand Total: 1072 creatures vanquished

Notes
Turn   | Place    | Note
-------+----------+-------------------------------------------
     0 | D:1      | Kenran the Demigod Fighter began the quest for the Orb.
     0 | D:1      | Reached XP level 1. HP: 18/18 MP: 3/3
   306 | D:1      | Reached XP level 2. HP: 25/25 MP: 4/4
   706 | D:2      | Reached XP level 3. HP: 27/30 MP: 5/5
  1033 | D:2      | Identified the +3 spear of Sloth {heavy, rPois rF- rCorr
                  | Dex+8}
  1540 | D:3      | Found a transporter.
  1541 | D:3      | Found a transporter.
  1541 | D:3      | Noticed chipmonk's ghost (amateur MiFi)
  1543 | D:3      | Noticed an ogre
  1902 | D:3      | Found a glowing drain.
  1917 | Sewer    | Entered a sewer
  1961 | Sewer    | Reached XP level 4. HP: 19/37 MP: 6/6
  2055 | Sewer    | Noticed a kobold brigand
  2073 | Sewer    | Killed a kobold brigand
  2074 | Sewer    | Reached skill level 5 in Long Blades
  2139 | Sewer    | Reached XP level 5. HP: 42/42 MP: 7/7
  2992 | D:4      | Reached XP level 6. HP: 43/50 MP: 8/8
  3022 | D:4      | Found a staircase to the Ecumenical Temple.
  3227 | D:4      | Noticed Edmund
  3240 | D:4      | Killed Edmund
  3777 | D:5      | Entered Level 5 of the Dungeon
  4075 | D:5      | Noticed a yak
  4146 | D:4      | Reached XP level 7. HP: 46/56 MP: 9/9
  4188 | D:5      | Noticed a yak
  4189 | D:5      | Noticed a yak
  4207 | D:4      | Killed a yak
  4225 | D:4      | Killed a yak
  4296 | D:5      | Killed a yak
  4472 | D:5      | Reached XP level 8. HP: 60/62 MP: 10/10
  4901 | D:5      | Found Pocima Udgh's Distillery.
  4963 | D:5      | Bought a potion of curing for 45 gold pieces
  4963 | D:5      | Bought a potion of might for 60 gold pieces
  5298 | D:6      | Reached skill level 10 in Long Blades
  5936 | D:7      | Reached skill level 1 in Dodging
  6111 | D:7      | Reached skill level 2 in Dodging
  6223 | D:7      | Reached skill level 3 in Dodging
  6288 | D:7      | Reached XP level 9. HP: 65/71 MP: 11/11
  6337 | D:7      | Found a runed translucent door.
  6337 | D:7      | Noticed PirateVox's ghost (novice DjAE)
  6381 | D:7      | Reached skill level 4 in Dodging
  6723 | D:7      | Reached skill level 5 in Dodging
  7498 | D:8      | Found Ipsify's Mayhem Merchandise.
  7604 | D:8      | Noticed Psyche
  7616 | D:8      | Killed Psyche
  7984 | D:8      | Reached XP level 10. HP: 47/80 MP: 13/13
  8434 | D:9      | Reached skill level 5 in Fighting
  8709 | D:9      | Found Bauv's Magic Scroll Boutique.
  8714 | D:9      | Bought a scroll of identify for 30 gold pieces
  8714 | D:9      | Bought a scroll of identify for 30 gold pieces
  8792 | D:9      | Noticed a centaur warrior
  8800 | D:9      | Reached skill level 1 in Evocations
  8897 | D:9      | Noticed a two-headed ogre
  8907 | D:9      | Killed a two-headed ogre
  8964 | D:9      | Found a staircase to the Lair.
  9169 | D:9      | Killed a centaur warrior
  9209 | D:9      | Identified the +9 chain mail of the End {Will+ Int+3}
  9239 | D:9      | Found Bonet's Bounteous Boutique.
  9270 | D:9      | Bought a scroll of butterflies for 60 gold pieces
  9359 | D:10     | Entered Level 10 of the Dungeon
  9439 | D:10     | Reached XP level 11. HP: 87/94 MP: 14/14
  9452 | D:10     | Found a staircase to the Orcish Mines.
  9842 | D:9      | Bought a +0 pair of boots for 67 gold pieces
 10050 | D:11     | Noticed a centaur warrior
 10059 | D:11     | Killed a centaur warrior
 10060 | D:11     | Reached skill level 5 in Evocations
 10288 | D:11     | Noticed a two-headed ogre
 10309 | D:11     | Killed a two-headed ogre
 10391 | D:11     | Identified the +0 whip "Supytorch" {venom, Contam Fly rF+
                  | Int+2 Stlth+}
 10450 | D:11     | Noticed a two-headed ogre
 10459 | D:11     | Killed a two-headed ogre
 10461 | D:11     | You fall into a shaft and drop 1 floor!
 10622 | D:11     | Identified the +6 long sword of Ydinu {heavy, Drain rC+
                  | rCorr Int+3}
 10654 | D:11     | Noticed a two-headed ogre
 10660 | D:11     | Killed a two-headed ogre
 11069 | D:11     | Found Votregg's Antique Weapon Boutique.
 11274 | Lair:1   | Entered Level 1 of the Lair of Beasts
 11653 | Lair:1   | Reached skill level 5 in Armour
 11767 | Lair:1   | Reached XP level 12. HP: 97/104 MP: 15/15
 11976 | Lair:2   | Noticed a five-headed hydra
 12402 | Lair:2   | Noticed Maggie
 12405 | Lair:2   | Reached skill level 10 in Fighting
 12511 | Lair:2   | Noticed Erica
 12521 | Lair:2   | Killed Erica
 12696 | Lair:2   | Killed a one-headed hydra
 12707 | Lair:2   | Killed Maggie
 13057 | Lair:3   | Found a staircase to the Snake Pit.
 13130 | Lair:3   | Found a dark tunnel.
 13212 | Volcano  | Entered a volcano
 13486 | Volcano  | Noticed a red draconian
 13500 | Volcano  | Killed a red draconian
 13650 | Lair:3   | Noticed a five-headed hydra
 13659 | Lair:3   | Killed a one-headed hydra
 13748 | Lair:3   | Found a staircase to the Shoals.
 13763 | Lair:3   | Noticed a seven-headed hydra
 13774 | Lair:3   | Killed a two-headed hydra
 13951 | Lair:3   | Reached XP level 13. HP: 103/118 MP: 16/16
 14217 | Lair:3   | Reached skill level 5 in Shields
 14847 | Lair:3   | Reached skill level 10 in Armour
 15361 | Lair:3   | Reached skill level 15 in Long Blades
 15601 | Lair:3   | Identified the +1 quarterstaff "Xikholo" {heavy, Int+4}
 16456 | Lair:4   | Noticed Josephine
 17004 | Lair:4   | Identified the +7 long sword "Cuelioma" {freeze, Fly rN+
                  | Dex+3}
 17121 | Lair:4   | Reached XP level 14. HP: 116/126 MP: 17/17
 17205 | Lair:4   | Killed Josephine
 17450 | Lair:5   | Entered Level 5 of the Lair of Beasts
 18144 | Lair:5   | Found a gateway to Hell.
 18513 | Lair:5   | Found a runed translucent door.
 18514 | Lair:5   | Found a staircase to the Slime Pits.
 18651 | Lair:5   | Reached skill level 6 in Dodging
 18976 | Lair:5   | Reached skill level 7 in Dodging
 19918 | D:12     | Reached skill level 8 in Dodging
 20421 | D:12     | Noticed Kirke
 20435 | D:12     | Noticed a sphinx
 20456 | D:12     | Killed Kirke
 20682 | D:12     | Found a runed translucent door.
 20986 | D:12     | Noticed a tentacled monstrosity
 20995 | D:12     | Killed a tentacled monstrosity
 21027 | D:12     | Reached XP level 15. HP: 77/135 MP: 18/18
 21363 | D:13     | Noticed Rupert
 21363 | D:13     | Noticed Urug
 21363 | D:13     | Found a gate to the Vaults.
 21488 | D:13     | Found a gate leading to a gauntlet.
 21494 | Gauntlet | Entered a Gauntlet
 21494 | Gauntlet | Found a transporter.
 21494 | Gauntlet | Found a transporter.
 21542 | Gauntlet | Found a transporter.
 21543 | Gauntlet | Found a transporter.
 21551 | Gauntlet | Found a transporter.
 21555 | Gauntlet | Found a transporter.
 21564 | Gauntlet | Found a transporter.
 21580 | Gauntlet | Found a transporter.
 21595 | Gauntlet | Found a transporter.
 21599 | Gauntlet | Found a transporter.
 21607 | Gauntlet | Found a transporter.
 21611 | Gauntlet | Found a transporter.
 21684 | Gauntlet | Identified the amulet of Ympucy Foera {Spirit rPois Str+5
                  | Dex-4}
 21711 | Gauntlet | Found a runed translucent door.
 21745 | Gauntlet | Identified the ring "Lyef" {Wiz rElec rF+ Will+ Stlth-}
 21846 | Gauntlet | Identified the +1 pair of gloves of Midsummer {Str+4}
 21871 | Gauntlet | Identified the +9 broad axe "Utry" {speed, rPois}
 21871 | Gauntlet | Identified the +0 acid dragon scales of the Tanner {Fly
                  | rN++ rCorr Int-3}
 21890 | Gauntlet | Identified the +1 leather armour of the Original Sin
                  | {Int+2}
 21926 | D:13     | Your ally Urug died
 21943 | D:13     | Killed Rupert
 22831 | D:14     | Reached skill level 9 in Dodging
 23590 | D:15     | Entered Level 15 of the Dungeon
 24213 | D:15     | Found a staircase to the Depths.
 24253 | D:15     | Reached skill level 10 in Dodging
 25225 | Orc:1    | Entered Level 1 of the Orcish Mines
 25225 | Orc:1    | Noticed Nergalle
 25238 | Orc:1    | Killed Nergalle
 25251 | Orc:1    | Noticed Erolcha
 25555 | D:10     | Killed Erolcha
 26208 | Orc:2    | Entered Level 2 of the Orcish Mines
 26370 | Orc:2    | Reached XP level 16. HP: 136/146 MP: 19/19
 26434 | Orc:2    | Found a frozen archway.
 26445 | IceCv    | Entered an ice cave
 26602 | IceCv    | Identified the +0 pair of gloves of Kageic {*Corrode rElec
                  | rC+++ SInv}
 26880 | IceCv    | Identified the ring "Vutovo" {Ice rN++ Slay+3}
 27265 | Orc:2    | Found a staircase to the Elven Halls.
 27421 | Orc:2    | Found Qeaf's Antique Armour Boutique.
 27421 | Orc:2    | Found Hooblinn's Distillery.
 27423 | Orc:2    | Found Ozxil's Book Shoppe.
 27425 | Orc:2    | Found Lailua's Magic Scroll Shop.
 27430 | Orc:2    | Bought a potion of heal wounds for 55 gold pieces
 27430 | Orc:2    | Bought 2 potions of heal wounds for 110 gold pieces
 27430 | Orc:2    | Bought a potion of resistance for 110 gold pieces
 27437 | Orc:2    | Bought a scroll of fear for 44 gold pieces
 27437 | Orc:2    | Bought a scroll of blinking for 82 gold pieces
 27437 | Orc:2    | Bought a scroll of enchant weapon for 82 gold pieces
 27437 | Orc:2    | Bought a scroll of identify for 22 gold pieces
 27437 | Orc:2    | Bought a scroll of identify for 22 gold pieces
 27437 | Orc:2    | Bought a scroll of teleportation for 33 gold pieces
 28027 | Snake:1  | Entered Level 1 of the Snake Pit
 28193 | Snake:1  | Found Unupsidgh's General Store.
 28193 | Snake:1  | Found Lagefupn's Assorted Antiques.
 28195 | Snake:1  | Found Gitaaric's Armour Boutique.
 28198 | Snake:1  | Found Heyhak's Assorted Antiques.
 28201 | Snake:1  | Bought a scroll of acquirement for 832 gold pieces
 28201 | Snake:1  | Acquired a +2 heavy double sword
 28217 | Snake:1  | Bought 2 potions of haste for 560 gold pieces
 28220 | Snake:1  | Bought an embroidered cloak for 240 gold pieces
 28562 | Snake:1  | Noticed Louise
 28574 | Snake:1  | Killed Louise
 29751 | Snake:2  | Reached skill level 11 in Dodging
 30661 | Snake:3  | Reached skill level 12 in Dodging
 31386 | Snake:3  | Noticed Mara
 31387 | Snake:3  | Noticed Kenran's illusion
 31492 | Snake:3  | Killed Mara
 31813 | Snake:4  | Entered Level 4 of the Snake Pit
 31870 | Snake:4  | Reached skill level 13 in Dodging
 31894 | Snake:4  | Acquired a manual of Dodging
 32426 | Snake:4  | Reached XP level 17. HP: 152/152 MP: 20/20
 32569 | Snake:4  | Reached skill level 14 in Dodging
 32895 | Snake:4  | Reached skill level 15 in Dodging
 33372 | Snake:4  | Reached skill level 16 in Dodging
 33485 | Snake:4  | Got a serpentine rune of Zot
 33708 | Shoals:1 | Entered Level 1 of the Shoals
 34107 | Shoals:1 | Reached skill level 17 in Dodging
 34685 | Shoals:2 | Noticed Polyphemus
 34698 | Shoals:2 | Killed Polyphemus
 34707 | Shoals:2 | Reached skill level 18 in Dodging
 34848 | Shoals:2 | Killed from afar by a water nymph

Illustrated notes

Levels and vault maps discovered:
D:1:      dpeg_arrival_more_subterranean_lakeside_camping, layout_rooms,
          roderic_roman_lattice
D:2:      layout_loops_corners, kennysheep_generic_room_9
D:3:      layout_basic, gammafunk_ghost_smash, cheibrodos_sewer_entry_bend
D:4:      layout_cave_pods, minmay_temple_entry_stoned_glass, uniq_edmund
D:5:      minmay_inner_zag, layout_loops_ring, tgw_sif, kiku_gazebo_pond_becter,
          serial_shops, nicolae_shop_stone, hex_medium, nicolae_wormholes
D:6:      layout_rooms, mainiacjoe_overflow_alcove_2,
          mainiacjoe_overflow_six_doors_small
D:7:      layout_cave_pods, lemuel_coloured_pillars_altar,
          nicolae_hepliaklqana_monster_ancestors,
          nicolae_overflow_crystal_walls, hellmonk_ghost_happy_afterlife
D:8:      layout_basic, lemuel_tele_altar, grunt_ministairs_5,
          minmay_shop_mayhem, uniq_psyche
D:9:      layout_long_grid, grunt_qazlal_clouds, lair_entry_dummy, serial_shops,
          nicolae_shop_rolling_square, nicolae_alphabet_shops, grunt_decor_cap,
          minmay_ruined_shrine
D:10:     layout_cross, mainiacjoe_overflow_tiny_flanked, fedhas_altar_4,
          zombieorc2_lemuel, chequers_serial_rivers_small_a
D:11:     layout_layer_cave, serial_shops, nicolae_shop_rolling_square
D:12:     cheibrodos_body_horror, layout_basic, uniq_kirke
D:13:     layout_rooms, david_vaults_3, gauntlet_entry_generic, uniq_rupert
D:14:     layout_loops_cross, nemelex_xobeh_ov_fountains_minmay
D:15:     hangedman_depths_entry_try_elsewhere_first, layout_irregular_city,
          nicolae_ashenzari_skybound, item_on_display_a
Lair:1:   layout_gridlike
Lair:2:   layout_loops_ring, grunt_forest_small_clearing_treed,
          infiniplex_staircase_pool, grunt_megastairs_4, uniq_maggie, uniq_erica
Lair:3:   nzn_winding_woodlands_huge [nzn_winding_woodlands_5x15_garden,
          nzn_winding_woodlands_5x15_sawtooth,
          nzn_winding_woodlands_5x15_zeroes, nzn_winding_woodlands_5x15_twine,
          nzn_winding_woodlands_5x15_jagged, nzn_winding_woodlands_5x15_eye,
          nzn_winding_woodlands_5x15_pockets,
          nzn_winding_woodlands_5x15_default,
          nzn_winding_woodlands_5x15_river_crossing,
          nzn_winding_woodlands_5x15_default,
          nzn_winding_woodlands_center_garden,
          nzn_winding_woodlands_center_lodge,
          nzn_winding_woodlands_15x15_thick_spiral], layout_loops_ring,
          minmay_shoals_entry_centaurs, guppyfry_snake_entry_island,
          enter_volcano_3, minivault_11
Lair:4:   layout_regular_city, serial_rivers, chequers_serial_rivers_room_a,
          chequers_serial_rivers_micro_d, chequers_serial_rivers_micro_c,
          chequers_serial_rivers_small_3, chequers_serial_rivers_room_a,
          uniq_josephine
Lair:5:   evil_forest, layout_regular_city, slime_entry_2, grunt_megastairs_3,
          serial_bayou_shore_a
Shoals:1: layout_shoals
Shoals:2: layout_shoals, uniq_polyphemus
Snake:1:  layout_gridlike, minmay_shoptagon, grunt_megastairs_2, uniq_louise
Snake:2:  layout_layer_cave, nicolae_triple_integral
Snake:3:  layout_onion, evilmike_ambush [evilmike_ambush_outer_pillars,
          evilmike_ambush_inner_basic], grunt_megastairs_5, uniq_mara
Snake:4:  minmay_snake_end_coiled, layout_gridlike
Orc:1:    layout_caves, library_closet, uniq_nergalle, uniq_erolcha, uniq_urug
Orc:2:    st_orc_rangers, layout_diamond_mine, portal_ice_cave_entry_pillars_1,
          basic_altar

Skill      XL: |  1  2  3  4  5  6  7  8  9 10 11 12 13 14 15 16 17 |
---------------+----------------------------------------------------+-----
Long Blades    | 2 3 4 5 6 7 9 10 12 14 15 16 | 16.0
Fighting       | 4 8 9 12 13 14 | 14.2
Shields        | 4 6 7 8 |  8.0
Armour         | 3 5 8 10 12 14 | 14.0
Dodging        | 3 5 8 10 13 18 | 18.0
Evocations     | 3 5 8 |  8.0

Action                     |  1- 3 |  4- 6 |  7- 9 | 10-12 | 13-15 | 16-18 || total
---------------------------+-------+-------+-------+-------+-------+-------++-------
  Melee: Long sword        |   171 |   170 |   122 |       |       |       ||   463
         Scimitar          |       |       |   314 |   648 |  1735 |   277 ||  2974
         Double sword      |       |       |       |       |       |   659 ||   659
  Evoke: Wand              |       |       |       |     2 |     8 |     2 ||    12
         Lightning rod     |       |       |       |       |     5 |     4 ||     9
         Phial of floods   |       |       |       |       |     1 |       ||     1
         Phantom mirror    |       |       |       |       |       |     1 ||     1
    Use: Scroll            |     2 |     3 |     3 |    11 |     8 |    20 ||    47
         Potion            |       |     2 |       |     3 |     6 |     1 ||    12
   Stab: Petrifying        |       |       |       |       |     1 |       ||     1
         Petrified         |       |       |       |       |     1 |       ||     1
 Armour: Scale mail        |    57 |    49 |    89 |    17 |       |       ||   212
         Chain mail        |       |       |       |   176 |   563 |   202 ||   941
  Dodge: Dodged            |    60 |    47 |    96 |   187 |   639 |   504 ||  1533
  Block: Buckler           |    68 |    72 |   211 |   410 |  1089 |   659 ||  2509
         Reflection        |       |     3 |     2 |    22 |    57 |   124 ||   208

Table legend: (Time is in decaauts)
 A = Elapsed time spent in this place.
 B = Non-inter-level travel time spent in this place.
 C = Inter-level travel time spent in this place.
 D = Time resting spent in this place.
 E = Time spent auto-exploring this place.
 F = Levels seen in this place.
 G = Mean time per level.
                   A        B        C        D        E       F      G
               +--------+--------+--------+--------+--------+-----+--------+
         Total |  34230 |  32032 |   2198 |   6498 |  16843 |  32 | 1069.7 |
       Dungeon |  16451 |  15243 |   1208 |   2983 |   8471 |  15 | 1096.7 |
          Lair |   7776 |   7146 |    630 |   1732 |   3645 |   5 | 1555.2 |
        Shoals |   1157 |   1118 |     39 |    117 |    733 |   2 |  578.5 |
     Snake Pit |   5505 |   5281 |    224 |   1323 |   2463 |   4 | 1376.2 |
  Orcish Mines |   1329 |   1233 |     96 |      2 |    817 |   2 |  664.5 |
         Sewer |    546 |    546 |      0 |     62 |    216 |   1 |  546.0 |
      Ice Cave |    708 |    708 |      0 |    118 |    309 |   1 |  708.0 |
       Volcano |    366 |    366 |      0 |     76 |     60 |   1 |  366.0 |
      Gauntlet |    389 |    389 |      0 |     84 |    127 |   1 |  389.0 |
               +--------+--------+--------+--------+--------+-----+--------+

Top non-repeatable levels by time:
  Lair:3: 2321 daAuts
  Lair:5: 2094 daAuts
 Snake:4: 1707 daAuts
     D:7: 1565 daAuts
    D:12: 1546 daAuts
 Snake:3: 1517 daAuts
    D:11: 1479 daAuts
     D:5: 1378 daAuts
  Lair:4: 1378 daAuts
    D:14: 1250 daAuts
    D:15: 1215 daAuts
 Snake:2: 1193 daAuts
     D:9: 1186 daAuts
  Lair:2: 1155 daAuts
     D:4: 1150 daAuts
